 Dungeon Crawl Stone Soup version 0.18-a0-312-g61bb5a5 (webtiles) character file.

100 Ordine the Changer (level 4, 0/28 HPs)
             Began as an Octopode Transmuter on Nov 27, 2015.
             Slain by an iguana (6 damage)
             ... on level 4 of the Dungeon.
             The game lasted 00:06:22 (2766 turns).

Ordine the Changer (Octopode Transmuter)            Turns: 2766, Time: 00:06:22

Health: 0/28       AC:  2    Str:  9    XL:     4   Next: 74%
Magic:  4/7        EV: 14    Int: 16    God:
Gold:   203        SH:  0    Dex: 17    Spells: 2 memorised, 3 levels left

rFire  . . .     SeeInvis .       - Unarmed
rCold  . . .     Clarity  .     (shield currently unavailable)
rNeg   . . .     SustAt   .     (helmet currently unavailable)
rPois  x         Gourm    .     (no amulet)
rElec  .         Spirit   .     (no ring)
rCorr  .         Warding  .     (no ring)
rMut   .         Stasis   .     (no ring)
MR     .....                    (no ring)
Stlth  ++........               (no ring)
                                (no ring)
                                (no ring)
                                (no ring)

@: spider-form, not resistant to hostile enchantments, unstealthy
A: almost no armour, amphibious, 8 rings, (constrict 8), (camouflage 0),
(gelatinous body 0)
a: End Transformation


You were on level 4 of the Dungeon.
You were not hungry.
You were a venomous arachnid creature.
You visited 1 branch of the dungeon, and saw 4 of its levels.
You also visited: Sewer.

You collected 203 gold pieces.

Inventory:

Jewellery
 d - an uncursed amulet of rage {unknown}
 e - a +4 ring of dexterity {unknown}
 i - an uncursed ring of fire {unknown}
Potions
 a - 2 potions of lignification {unknown}
 f - 2 potions of poison {unknown}
 h - 3 potions of heal wounds {unknown}
 j - a potion of mutation {unknown}
 k - a potion of degeneration {unknown}
 o - a potion of curing {unknown}
Books
 b - a book of Changes

   Spells                             Type                      Level
   a - Beastly Appendage              Transmutation                1
   b - Sticks to Snakes               Transmutation                2
   c - Spider Form                    Transmutation/Poison         3
   d - Ice Form                       Ice/Transmutation            4
   e - Blade Hands                    Transmutation                5
Comestibles
 c - 4 bread rations
 g - a meat ration


   Skills:
 - Level 1.0 Fighting
 - Level 2.0 Dodging
 - Level 3.0 Unarmed Combat
 - Level 2.0 Spellcasting
 + Level 4.8 Transmutations


You had 3 spell levels left.
You knew the following spells:

 Your Spells              Type           Power        Failure   Level  Hunger
a - Beastly Appendage     Trmt           ###...       12%         1    #......
b - Spider Form           Trmt/Pois      #.........   50%         3    ###....


Dungeon Overview and Level Annotations

Branches:
Dungeon (4/15)
 Temple: D:4-7

Altars:
Nemelex Xobeh

Annotations:
D:2 1 exclusion, Crazy Yiuf


Innate Abilities, Weirdness & Mutations

You cannot wear most types of armour.
You are amphibious.
You can wear up to eight rings at the same time.
((You can use your tentacles to constrict eight enemies at once.))
((Your skin changes colour to match your surroundings (Stealth).))
((Your rubbery body absorbs attacks (AC +1).))


Message History

You tentacle-slap the iguana but do no damage.
The iguana is moderately wounded.
You constrict the iguana. The iguana bites you!
* * * LOW HITPOINT WARNING * * *
You are too injured to fight recklessly!
Read which item? (? for menu, Esc to quit)
Okay, then.
Casting: Beastly Appendage
Confirm with . or Enter, or press ? or * to list all spells.
You turn into a venomous arachnid creature.
You lose your grip on the iguana.
The iguana closely misses you.
You hit the iguana but do no damage.
The iguana is poisoned.
The iguana is moderately wounded.
The iguana barely misses you.
You hit the iguana but do no damage.
The iguana is moderately wounded.
The iguana misses you.
There is a stone staircase leading up here.
The iguana bites you.
You die...

##
#####....
#s....#
#l#####
#.#
........#
..####..#
#..# #..#
#..# #..#


You could see an iguana.

Vanquished Creatures
  Natasha (thrice) (D:2)
  A river rat (D:3)
  2 worms
  2 orcs (D:3)
  2 ball pythons
  7 bats
  3 goblins
  6 hobgoblins
  2 quokkas (D:3)
  5 giant cockroaches
  3 giant geckos
  3 giant newts
  4 kobolds
  5 rats
48 creatures vanquished.

Notes
Turn   | Place    | Note
--------------------------------------------------------------
     0 | D:1      | Ordine the Octopode Transmuter began the quest for the Orb.
     0 | D:1      | Reached XP level 1. HP: 13/13 MP: 3/3
   165 | D:1      | Found a sparkling altar of Nemelex Xobeh.
   206 | D:1      | Reached XP level 2. HP: 18/18 MP: 5/5
   672 | D:2      | Reached XP level 3. HP: 10/23 MP: 3/6
  1074 | D:2      | Noticed Crazy Yiuf
  1109 | D:2      | Noticed Natasha
  1119 | D:2      | Killed Natasha
  1119 | D:2      | Reached skill level 4 in Transmutations
  1127 | D:2      | Noticed Natasha
  1134 | D:2      | Killed Natasha
  1134 | D:2      | Reached XP level 4. HP: 9/28 MP: 7/7
  1368 | D:2      | Learned a level 3 spell: Spider Form
  1442 | D:2      | Noticed Natasha
  1453 | D:2      | Killed Natasha
  2182 | D:3      | Found a glowing drain.
  2197 | Sewer    | Entered a sewer
  2380 | Sewer    | Noticed Leszczynek's ghost (amateur CeHu)
  2766 | D:4      | Slain by an iguana

Vault maps used:
D:1:      minmay_arrival_widening_spiral_wide, nemelex_xobeh_ov_fountains_minmay
D:2:      uniq_crazy_yiuf_cottage, uniq_natasha
D:3:      gup_sewer_entry_bowl
D:4:      old_standard_altar, nicolae_ru_the_path_less_chosen, kennysheep_boxes,
          uniq_robin, uniq_sigmund
Sewer:    sewer_the_crocodile

Action                   |  1- 3 |  4- 6 || total
-------------------------+-------+-------++-------
Melee: Unarmed           |    59 |    68 ||   127
 Cast: Beastly Appendage |     1 |     1 ||     2
       Spider Form       |       |     1 ||     1
  Use: Scroll            |     2 |     5 ||     7
 Stab: Sleeping          |    10 |     5 ||    15
  Eat: Chunk             |     1 |     5 ||     6
